 Dungeon Crawl Stone Soup version 0.14-a0-1773-ge500af7 (webtiles) character file.

599 Mitsuki the Chopper (level 6, -3/57 HPs)
             Began as a Deep Dwarf Fighter on Jan 6, 2014.
             Slain by an ogre
             ... wielding a +0,+0 giant club
              (16 damage)
             ... on Level 4 of the Dungeon.
             The game lasted 00:11:29 (2513 turns).

Mitsuki the Chopper (Deep Dwarf Fighter)            Turns: 2513, Time: 00:11:29

HP  -3/57        AC  8     Str 17 (21) XL: 6   Next: 77%
MP   5/5         EV  6     Int  9      God:
Gold 143         SH 21     Dex 14      Spells:  0 memorised,  5 levels left

rFire  . . .     SeeInvis .     a - +1,+0 dwarf hand axe (curse)
rCold  . . .     Clarity  .     b - +0 dwarf scale mail
rNeg   . . .     Conserve .     c - +1 dwarf shield
rPois  .         rCorr    .     (no helmet)
rElec  .         rRot     .     (no cloak)
SustAb . .       Spirit   .     (no gloves)
rMut   .         Warding  .     (no boots)
Gourm  +         Stasis   .     m - amulet of the gourmand
                                (no ring)
                                q - +2 ring of dexterity

@: non-regenerating, somewhat resistant to hostile enchantments, extremely
unstealthy
A: damage resistance, recharge devices, sense surroundings 1, slow healing 3
a: Device Recharging


You were on level 4 of the Dungeon.
You were very full.

You visited 1 branch of the dungeon, and saw 4 of its levels.

You collected 143 gold pieces.

Inventory:

Hand weapons
 a - a cursed +1,+0 dwarven hand axe (weapon)
Armour
 b - a +0 dwarven scale mail (worn)
 c - a +1 dwarven shield (worn)
Magical devices
 d - a wand of heal wounds (3)
 o - a wand of enslavement (7)
Comestibles
 f - 6 bread rations
 g - a snozzcumber
 h - a pear
 i - a meat ration
 v - a slice of pizza
 z - 2 cheeses
Scrolls
 k - 2 scrolls of teleportation
 s - 3 scrolls of identify
 t - a scroll of enchant armour
 x - a scroll of enchant weapon I
Jewellery
 j - a +3 ring of intelligence
 m - an amulet of the gourmand (around neck)
 q - a +2 ring of dexterity (left hand)
 r - an uncursed ring of ice
Potions
 e - 3 potions of curing
 l - a potion of agility {unknown}


   Skills:
 + Level 4.1 Fighting
 * Level 5.8 Axes
 + Level 5.1 Armour
 - Level 3.2 Shields


You had 5 spell levels left.
You didn't know any spells.

Dungeon Overview and Level Annotations

Branches:
Dungeon (4/16)
 Temple: D:4-7

Altars:
Kikubaaqudgha
Sif Muna


Innate Abilities, Weirdness & Mutations

You are resistant to damage.
You can recharge devices by infusing magical energy.
You passively map a small area around you.
You do not heal naturally.


Message History

The hound is almost dead.
The hound bites you but does no damage.
You hit the hound.
The hound is almost dead.
You hit the ogre but do no damage.
The ogre is severely wounded.
The hound bites you but does no damage. The ogre hits you with a giant club!
Your scale mail prevents you from hitting the hound.
The hound is almost dead.
You hit the ogre.
The ogre is almost dead.
You block the hound's attack. The hound bites you.
The ogre hits you with a giant club!
* * * LOW HITPOINT WARNING * * *
You hit the hound.
You kill the hound!
You hit the ogre but do no damage.
The ogre is almost dead.
The ogre hits you with a giant club!
You die...

$.. ....... #........
....... .......... ,
,...... #..........
...... #...........
...... #............
.......
#....................
#...%O...............
#...@................
#....................
#....................
#....................
.......................
.......................
*
....#######...........
... #........)). , ..
#........)..


You could see an ogre.

Vanquished Creatures
  Sigmund (D:3)
  3 hounds (D:4)
  A black bear skeleton (D:4)
  2 orc priests (D:4)
  2 orc wizards (D:4)
  Ijyb (D:3)
  Terence (D:3)
  A giant mite (D:4)
  2 adders (D:2)
  3 grey rats (D:4)
  A giant gecko (D:2)
  An ooze (D:4)
  8 orcs
  2 giant cockroaches
  8 goblins
  8 hobgoblins
  7 kobolds
  10 bats
  A giant gecko skeleton (D:4)
  4 giant newts (D:1)
  20 rats
87 creatures vanquished.

Notes
Turn   | Place    | Note
--------------------------------------------------------------
     0 | D:1      | Mitsuki, the Deep Dwarf Fighter, began the quest for the Orb.
     0 | D:1      | Reached XP level 1. HP: 20/20 MP: 1/1
   185 | D:1      | Reached XP level 2. HP: 25/27 MP: 2/2
   597 | D:2      | Found an ancient bone altar of Kikubaaqudgha.
   597 | D:2      | Found a deep blue altar of Sif Muna.
   800 | D:2      | Reached XP level 3. HP: 24/34 MP: 3/3
  1514 | D:3      | Noticed Ijyb
  1531 | D:3      | Killed Ijyb
  1531 | D:3      | Reached skill level 4 in Armour
  1531 | D:3      | Reached XP level 4. HP: 25/42 MP: 4/4
  1674 | D:3      | Noticed Sigmund
  1709 | D:3      | HP: 1/42 [Sigmund/magic dart (2)]
  1723 | D:3      | Killed Sigmund
  1723 | D:3      | Reached XP level 5. HP: 14/49 MP: 5/5
  1928 | D:3      | Noticed Terence
  1948 | D:3      | Killed Terence
  2365 | D:4      | Reached skill level 5 in Axes
  2405 | D:4      | Reached XP level 6. HP: 33/57 MP: 5/5
  2425 | D:4      | Reached skill level 5 in Armour
  2501 | D:4      | Noticed an ogre
  2513 | D:4      | Slain by an ogre

Action                   |  1- 3 |  4- 6 || total
-------------------------+-------+-------++-------
Melee: Hand axe          |   112 |   217 ||   329
 Abil: Device Recharging |       |     1 ||     1
Evoke: Wand              |       |    11 ||    11
  Use: Scroll            |     3 |     9 ||    12
       Potion            |       |     5 ||     5
